 Dungeon Crawl Stone Soup version 0.29.1-15-g9cfb28693d (webtiles) character file.

Game seed: 2472820642317296343

9531 tizbic2 the Basher (level 11, -2/87 HPs)
             Began as a Demonspawn Fighter on Apr 10, 2023.
             Was a High Priest of Uskayaw.
             Slain by an orc warrior
             ... wielding a +0 glaive
              (17 damage)
             ... on level 2 of the Orcish Mines.
             The game lasted 00:35:19 (8495 turns).

tizbic2 the Basher (Demonspawn Fighter)             Turns: 8495, Time: 00:35:20

Health: -2/87      AC: 34    Str: 25    XL:     11   Next: 24%
Magic:  11/11      EV:  3    Int: 12    God:    Uskayaw [*****.]
Gold:   543        SH: 15    Dex: 19    Spells: 10/10 levels left

rFire   . . .      SeeInvis .   j - +5 war axe
rCold   . . .      Faith    .   A - +0 kite shield
rNeg    . . .      Spirit   .   e - +7 crystal plate armour "Getafixi" {Str+4 Int+3}
rPois   .          Reflect  .   (helmet restricted)
rElec   .          Harm     .   g - +1 cloak
rCorr   +          Rampage  .   (no gloves)
Will    .....                   (no boots)
Stlth   ..........              m - amulet of regeneration
HPRegen 1.04/turn               C - +6 ring of dexterity
MPRegen 0.12/turn               t - ring of resist corrosion

@: mighty
A: horns 1, icy blue scales 2, demonic guardian 1, icemail 1, condensation
shield
a: Renounce Religion, Stomp, Line Pass, Grand Finale


You were on level 2 of the Orcish Mines.
You worshipped Uskayaw.
Uskayaw was noncommittal.
You visited 3 branches of the dungeon, and saw 12 of its levels.

You collected 639 gold pieces.
You spent 96 gold pieces at shops.

Inventory:

Hand Weapons
 a - a +7 flail of venom
 j - a +5 war axe (weapon)
 w - a +0 sling
 E - the +1 whip "Beetleslayer" {antimagic, rF+ rCorr Dex+2}
   (You found it on level 5 of the Dungeon)

   It reduces the magical energy of the wielder, and disrupts the spells and
   magical abilities of those it strikes.
   Natural abilities and divine invocations are not affected.
   Dex:       It affects your dexterity (+2).
   rF:        It protects you from fire.
   rCorr:     It protects you from acid and corrosion.
 H - a +0 morningstar
 O - the +8 trident of the Dragonfly {vorpal, rPois rCorr Int+3 Stlth-}
   (You found it on level 9 of the Dungeon)

   It inflicts extra damage upon your enemies.
   Int:       It affects your intelligence (+3).
   rPois:     It protects you from poison.
   rCorr:     It protects you from acid and corrosion.
   Stlth:     It makes you less stealthy.
Missiles
 f - 54 stones (quivered)
 q - 2 throwing nets
 x - 10 poisoned darts
 J - 2 javelins
Armour
 e - the +7 crystal plate armour "Getafixi" (worn) {Str+4 Int+3}
   (You acquired it on level 1 of the Dungeon)

   Str:       It affects your strength (+4).
   Int:       It affects your intelligence (+3).
 g - a +1 cloak (worn)
 k - a +0 buckler
 n - +0 gold dragon scales
 A - a +0 kite shield (worn)
 D - the +2 scale mail of Purpose {rN+ Dex+3 Stlth+}
   (You took it off a hobgoblin on level 4 of the Dungeon)

   Dex:       It affects your dexterity (+3).
   rN:        It protects you from negative energy.
   Stlth:     It makes you more stealthy.
Jewellery
 m - an amulet of regeneration (around neck)
 t - a ring of resist corrosion (right hand)
 z - a +6 ring of intelligence
 C - a +6 ring of dexterity (left hand)
 G - an amulet of the acrobat
Wands
 B - a wand of mindburst (9)
 M - a wand of flame (2)
 N - a wand of acid (1)
Scrolls
 b - a scroll of silence
 p - 2 scrolls of fog
 y - a scroll of magic mapping
 I - a scroll of amnesia
Potions
 c - a potion of might
 d - a potion of invisibility
 h - 5 potions of lignification {unknown}
 i - 4 potions of mutation
 l - a potion of attraction {unknown}
 o - a potion of brilliance {unknown}
 r - 3 potions of curing
 s - 3 potions of cancellation
 u - 3 potions of flight {unknown}
 v - a potion of ambrosia {unknown}
 F - a potion of berserk rage
 K - a potion of haste


   Skills:
 + Level 8.7 Fighting
 * Level 10.4 Maces & Flails
 + Level 7.0 Armour
 + Level 8.0 Shields
 - Level 2.1 Unarmed Combat


You had 10 spell levels left.
You didn't know any spells.
Your spell library contained the following spells:

 Spells                   Type           Power      Damage    Failure   Level
 Slow                     Hex            0%         N/A       100%        1
 Summon Small Mammal      Summ           0%         N/A       100%        1
 Blink                    Tloc           0%         N/A       100%        2
 Poisonous Vapours        Pois/Air       0%         N/A       100%        2
 Static Discharge         Conj/Air       0%         3-3/arc   100%        2
 Call Canine Familiar     Summ           0%         N/A       100%        3
 Confusing Touch          Hex            0%         N/A       100%        3
 Dazzling Flash           Conj/Hex       0%         N/A       100%        3
 Frozen Ramparts          Ice            0%         1d1       100%        3
 Gell's Gravitas          Tloc           0%         N/A       100%        3
 Summon Guardian Golem    Hex/Summ       0%         N/A       100%        3
 Teleport Other           Tloc           0%         N/A       100%        3
 Vampiric Draining        Necr           0%         2d6       100%        3
 Corpse Rot               Necr/Pois/Air  0%         N/A       100%        4
 Dispel Undead            Necr           0%         3d6       100%        4
 Hailstorm                Conj/Ice       0%         3d3       100%        4
 Ice Form                 Ice/Tmut       0%         N/A       100%        4
 Iskenderun's Mystic Bla  Conj/Tloc      0%         2d3       100%        4
 Sticky Flame             Conj/Fire      0%         2d3       100%        4
 Summon Ice Beast         Ice/Summ       0%         N/A       100%        4
 Fireball                 Conj/Fire      0%         3d3       100%        5
 Iskenderun's Battlesphe  Conj           0%         2d6       100%        5
 Manifold Assault         Tloc           0%         N/A       100%        5
 Conjure Ball Lightning   Conj/Air       0%         3x3d6     100%        6
 Dispersal                Tloc           0%         N/A       100%        6
 Simulacrum               Ice/Necr       0%         N/A       100%        6
 Starburst                Conj/Fire      0%         6d3       100%        6
 Orb of Destruction       Conj           0%         9d5       100%        7
 Storm Form               Tmut/Air       0%         N/A       100%        7
 Disjunction              Tloc           0%         N/A       100%        8


Dungeon Overview and Level Annotations

Branches:
Dungeon (9/15)             Temple (1/1) D:4             Orc (2/2) D:9
   Lair: D:8-11         Elf: Orc:2

Altars:
Ashenzari
Cheibriados
Dithmenos
Fedhas
Gozag
Hepliaklqana
Kikubaaqudgha
Nemelex Xobeh
Okawaru
Qazlal
Ru
Sif Muna
Trog
Uskayaw
Wu Jian
Xom
Yredelemnul

Shops:
D:4 =   D:8 !   D:9 *


Innate Abilities, Weirdness & Mutations

You have a pair of small horns on your head.
You are mostly covered in icy blue scales. (AC +3)
A weak demonic guardian rushes to your aid.
A meltable icy envelope protects you from harm. (AC +4)
A meltable shield of frost defends you. (SH +4)


Message History

The orc warrior wields a +0 trident.
The orc warrior hits you but does no damage.
You can now merge with and destroy a victim.
You feel better.
The orc warrior is no longer sharing its pain. x2
The orc priest is no longer sharing its pain.
The orc is no longer sharing its pain.
The orc warrior is no longer sharing its pain.
The orc is no longer sharing its pain. x2
The orc warrior is no longer sharing its pain.
The orc warlord hits you but does no damage.
The orc hits you but does no damage. You block the orc warrior's attack.
You block the orc's attack. You block the orc warrior's attack.
You hit the orc warlord but do no damage.
The orc warlord is heavily wounded.
You closely miss the orc. You slash the orc warrior! x2
The orc warlord hits you but does no damage.
You block the orc's attack.
The orc priest calls down the wrath of Beogh upon you.
Beogh smites you!
* * * LOW HITPOINT WARNING * * *
You block the orc's attack.
The orc warrior hits you with a +0 battleaxe!
* * * LOW HITPOINT WARNING * * *
A demonic guardian appears!
The orc warrior hits you with a +0 trident.
* * * LOW HITPOINT WARNING * * *
The orc warlord hits you with a +0 battleaxe!
* * * LOW HITPOINT WARNING * * *
The orc warrior barely misses you. The orc hits you but does no damage.
Okay, then.
You feel better.
The orc priest no longer looks unusually strong.
The orc warrior no longer looks unusually strong.
The orc warrior hits you but does no damage.
Your ufetubus hits the orc but does no damage. x2
You block the orc's attack. You block the orc warrior's attack.
The orc warlord completely misses you.
The orc warrior hits you from afar with a +0 glaive!
You die...

......
#.#......##
......##.......##
#......#......##
#......#..##
##....##.##
#.....### #....##
###...# #@o.#
#..hoooo..#
....)ooo.5##
.#.....o..#
.........##
..........
.......#.#
....... ##


You could see an orc warlord, a warg, 4 orc warriors, an orc priest, 3 orcs and
a friendly ufetubus (summoned).

Vanquished Creatures
  A hydra (D:9)
  Harold (D:9)
  A boulder beetle (D:8)
  Pikel (D:4)
  An ugly thing (D:8)
  A cyclops (Orc:1)
  Maurice (D:9)
  A troll (D:9)
  A shadow (D:9)
  A wyvern (D:7)
  Grum (D:9)
  3 steam dragons
  Edmund (D:4)
  An acid dragon (D:6)
  A water moccasin (D:9)
  7 orc warriors
  A sky beast (D:8)
  An ice beast (D:5)
  7 ogres
  4 wolves (D:9)
  4 centaurs
  A kobold brigand (D:8)
  2 bullfrogs (D:7)
  2 gnoll sergeants (D:6)
  2 necrophages (D:6)
  A scorpion (D:6)
  10 wights
  5 killer bees (D:7)
  6 howler monkeys
  3 jellies
  4 hounds
  5 orc priests
  2 gnoll boudas (D:8)
  3 iguanas
  6 orc wizards
  Robin (D:4)
  6 adders
  17 gnolls
  2 shadow imps
  4 ufetubi
  4 worms
  3 dart slugs
  39 orcs
  An endoplasm (D:1)
  2 giant cockroaches
  16 goblins
  13 hobgoblins
  6 jackals
  9 kobolds
  3 quokkas
  11 ball pythons
  4 bats
  4 frilled lizards
  5 rats
243 creatures vanquished.

Vanquished Creatures (collateral kills)
  A steam dragon (D:9)
  A howler monkey (D:9)
  A hound (D:6)
  A gnoll (D:6)
4 creatures vanquished.

Grand Total: 247 creatures vanquished

Notes
Turn   | Place    | Note
-------+----------+-------------------------------------------
     0 | D:1      | tizbic2 the Demonspawn Fighter began the quest for the Orb.
     0 | D:1      | Reached XP level 1. HP: 18/18 MP: 1/1
   152 | D:1      | Identified a scroll of acquirement
   152 | D:1      | Acquired the +7 crystal plate armour "Getafixi" {Str+4
                  | Int+3}
   347 | D:1      | Found a faded altar of an unknown god.
   424 | D:1      | Gained mutation: You are partially covered in icy blue
                  | scales. (AC +2) [demonic ancestry]
   424 | D:1      | Reached XP level 2. HP: 24/24 MP: 2/2
   981 | D:2      | Gained mutation: A meltable shield of frost defends you.
                  | (SH +4) [demonic ancestry]
   981 | D:2      | Reached XP level 3. HP: 29/29 MP: 3/3
   990 | D:2      | Reached skill level 1 in Maces & Flails
   999 | D:2      | Reached XP level 4. HP: 35/35 MP: 4/4
  1018 | D:2      | Found a shadowy altar of Dithmenos.
  2005 | D:3      | Reached skill level 2 in Maces & Flails
  2011 | D:3      | Reached XP level 5. HP: 41/41 MP: 5/5
  2553 | D:4      | Noticed an ogre
  2556 | D:4      | Killed an ogre
  2557 | D:4      | Reached skill level 3 in Maces & Flails
  2567 | D:4      | Gained mutation: A weak demonic guardian rushes to your
                  | aid. [demonic ancestry]
  2567 | D:4      | Reached XP level 6. HP: 43/48 MP: 6/6
  2627 | D:4      | Found a staircase to the Ecumenical Temple.
  2636 | Temple   | Entered the Ecumenical Temple
  2767 | Temple   | Became a worshipper of Uskayaw the Reveller
  2873 | D:4      | Noticed Pikel
  2875 | D:4      | Reached * piety under Uskayaw
  2877 | D:4      | Reached ** piety under Uskayaw
  2879 | D:4      | Reached *** piety under Uskayaw
  2881 | D:4      | Killed Pikel
  2882 | D:4      | Reached skill level 4 in Maces & Flails
  2882 | D:4      | Gained mutation: A meltable icy envelope protects you from
                  | harm. (AC +4) [demonic ancestry]
  2882 | D:4      | Reached XP level 7. HP: 35/55 MP: 3/7
  3099 | D:4      | Identified the +2 scale mail of Purpose {rN+ Dex+3 Stlth+}
  3189 | D:4      | Noticed Edmund
  3205 | D:4      | Killed Edmund
  3206 | D:4      | Reached skill level 5 in Fighting
  3206 | D:4      | Reached skill level 5 in Maces & Flails
  3283 | D:4      | Found Vodyfof's Jewellery Shop.
  3482 | D:4      | Noticed Robin
  3502 | D:4      | Killed Robin
  3507 | D:4      | Reached **** piety under Uskayaw
  3735 | D:5      | Entered Level 5 of the Dungeon
  3765 | D:5      | Reached XP level 8. HP: 62/62 MP: 8/8
  3806 | D:5      | Reached skill level 5 in Shields
  4090 | D:5      | Reached skill level 6 in Maces & Flails
  4133 | D:5      | Identified the +1 whip "Beetleslayer" {antimagic, rF+ rCorr
                  | Dex+2}
  4639 | D:6      | Found a shimmering blue altar of Sif Muna.
  4785 | D:6      | Reached ***** piety under Uskayaw
  4811 | D:6      | Gained mutation: You are mostly covered in icy blue scales.
                  | (AC +3) [demonic ancestry]
  4811 | D:6      | Reached XP level 9. HP: 61/69 MP: 9/9
  4814 | D:6      | Reached skill level 7 in Maces & Flails
  5689 | D:7      | Reached skill level 5 in Armour
  5694 | D:7      | HP: 3/69 [wight/+4 short sword of freezing (2)]
  5809 | D:7      | Reached skill level 8 in Maces & Flails
  5907 | D:7      | Found an iron altar of Okawaru.
  5908 | D:7      | Found an ornate altar of the Wu Jian Council.
  5990 | D:7      | Found a sparkling altar of Nemelex Xobeh.
  6001 | D:7      | Found a bloodstained altar of Trog.
  6044 | D:7      | Found a hazy altar of Hepliaklqana.
  6045 | D:7      | Found a shimmering altar of Xom.
  6046 | D:7      | Noticed a spectral ugly thing
  6426 | D:8      | Noticed a boulder beetle
  6443 | D:8      | Killed a boulder beetle
  6444 | D:8      | Gained mutation: You have a pair of small horns on your
                  | head. [demonic ancestry]
  6444 | D:8      | Reached XP level 10. HP: 79/79 MP: 10/10
  6470 | D:8      | Found Gax Ficuw's Distillery.
  6470 | D:8      | Noticed a cyan ugly thing
  6480 | D:8      | Killed a cyan ugly thing
  6968 | D:8      | Reached skill level 9 in Maces & Flails
  7427 | D:9      | Noticed Grum
  7443 | D:9      | Killed Grum
  7454 | D:9      | Noticed a six-headed hydra
  7461 | D:9      | Killed a six-headed hydra
  7590 | D:9      | Found a blossoming altar of Fedhas.
  7752 | D:9      | Found a snail-covered altar of Cheibriados.
  7845 | D:9      | Noticed Harold
  7851 | D:9      | Found a staircase to the Orcish Mines.
  7866 | D:9      | Killed Harold
  7867 | D:9      | Reached skill level 10 in Maces & Flails
  7867 | D:9      | Reached XP level 11. HP: 67/87 MP: 11/11
  7870 | D:9      | Noticed Maurice
  7883 | D:9      | Killed Maurice
  7936 | D:9      | Found Dastu's Changing Room.
  7945 | D:9      | Bought a potion of mutation for 96 gold pieces
  7967 | D:9      | Identified the +8 trident of the Dragonfly {vorpal, rPois
                  | rCorr Int+3 Stlth-}
  7999 | D:9      | Found a broken altar of Ashenzari.
  8306 | Orc:1    | Entered Level 1 of the Orcish Mines
  8326 | Orc:1    | Reached ****** piety under Uskayaw
  8434 | Orc:2    | Entered Level 2 of the Orcish Mines
  8482 | Orc:2    | Noticed an orc warlord
  8495 | Orc:2    | Slain by an orc warrior

Illustrated notes

Levels and vault maps discovered:
D:1:      zelgadis_glass_arrival_small, layout_rooms,
          hellmonk_ecumenical_altar_crossroads, roderic_lattice_a
D:2:      layout_loops_corners, basic_altar
D:3:      layout_basic, serial_glass, glass_columns_a, glass_columns_a
D:4:      minmay_diamond_boxcup, layout_loops_cross, lemuel_temple_firewalk_a,
          serial_shops, shop, uniq_pikel, uniq_robin, uniq_edmund
D:5:      minmay_general_purpose_star, layout_basic, tso_oasis_becter
D:6:      layout_gridville, mainiacjoe_overflow_boulevard,
          lemuel_coloured_pillars_altar
D:7:      layout_loops_ring, regret_index_temple_of_mockery,
          mainiacjoe_overflow_divided_tiny, mainiacjoe_overflow_swirl
D:8:      layout_layer_cave, kennysheep_small_circle
D:9:      layout_roguey, kennysheep_mini_moat, fedhas_altar_fruit_tree,
          nicolae_ashenzari_panopticon, david_orc_2, minmay_door_square,
          nicolae_transmutations_shop, uniq_maurice, uniq_grum, uniq_harold
Temple:   nicolae_temple_superstar
Orc:1:    layout_caves
Orc:2:    pf_orc_diabolical, layout_diamond_mine

Skill      XL: |  1  2  3  4  5  6  7  8  9 10 11 |
---------------+----------------------------------+-----
Unarmed Combat | 2 |  2.1
Armour         | 3 4 5 6 7 |  7.0
Shields        | 3 4 5 6 7 8 |  8.0
Maces & Flails | 1 2 3 4 5 6 8 10 | 10.4
Fighting       | 4 5 6 7 8 |  8.7

Action                   |  1- 3 |  4- 6 |  7- 9 | 10-12 || total
-------------------------+-------+-------+-------+-------++-------
Melee: Unarmed           |    52 |       |       |       ||    52
       Whip              |    31 |   118 |    47 |       ||   196
       Flail             |       |       |   235 |   104 ||   339
       War axe           |       |       |       |    53 ||    53
       Headbutt          |       |       |       |    41 ||    41
 Fire: Sling             |       |       |     4 |     1 ||     5
Throw: Stone             |     2 |       |       |       ||     2
Invok: Stomp             |       |     1 |       |       ||     1
  Use: Scroll            |     1 |     4 |    11 |     4 ||    20
       Potion            |       |       |     1 |     3 ||     4
 Stab: Paralysed         |       |       |    10 |    14 ||    24
       Distracted        |       |       |       |     1 ||     1
Armor: Crystal plate arm |    49 |    93 |   214 |   143 ||   499
       Scale mail        |     1 |       |       |       ||     1
Dodge: Dodged            |    13 |    11 |    29 |    26 ||    79
Block: Buckler           |    21 |    37 |       |       ||    58
       Kite shield       |       |    22 |   221 |   159 ||   402
